 Dungeon Crawl Stone Soup version 0.28-a0-461-g2dc4ca5097 (webtiles) character file.

Game seed: 4740496822636733434

394 desmos the Cudgeller (level 6, -11/56 HPs)
             Began as a Hill Orc Berserker on Sept 14, 2021.
             Was a Priest of Trog.
             Mangled by an ogre (15 damage)
             ... on level 4 of the Dungeon.
             The game lasted 00:29:16 (5820 turns).

desmos the Cudgeller (Hill Orc Berserker)           Turns: 5820, Time: 00:29:17

Health: -11/56     AC:  5    Str: 22    XL:     6   Next: 81%
Magic:  6/6        EV:  8    Int:  7    God:    Trog [***...]
Gold:   180        SH:  7    Dex: 10    Spells: 5/5 levels left

rFire   . . .      SeeInvis .   a - +0 mace
rCold   . . .      Faith    .   e - +0 kite shield
rNeg    . . .      Spirit   .   n - +0 ring mail
rPois   .          Reflect  .   (no helmet)
rElec   .          Harm     .   (no cloak)
rCorr   .          Rampage  .   (no gloves)
Will    .....                   (no boots)
Stlth   ..........              (no amulet)
HPRegen 0.18/turn               (no ring)
MPRegen 0.10/turn               (no ring)

@: mighty, on berserk cooldown, slowed, very slow
A: no striking features
a: Renounce Religion, Berserk, Trog's Hand


You were on level 4 of the Dungeon.
You worshipped Trog.
Trog was most pleased with you.
You visited 1 branch of the dungeon, and saw 6 of its levels.
You also visited: Sewer.

You collected 180 gold pieces.

Inventory:

Hand Weapons
 a - a +0 mace (weapon)
 i - a +2 mace of distortion
Armour
 b - a +0 animal skin
 c - a +0 leather armour
 e - a +0 kite shield (worn)
 n - a +0 ring mail (worn)
 p - a +2 chain mail of cold resistance
Jewellery
 g - a ring of fire
Scrolls
 d - 2 scrolls of blinking
 l - a scroll of acquirement {unknown}
 m - 2 scrolls of teleportation
Potions
 f - a potion of berserk rage {unknown}
 h - 4 potions of might
 j - a potion of curing {unknown}
 k - 3 potions of mutation
 q - a potion of heal wounds
 r - a potion of brilliance
 t - a potion of resistance
 v - a potion of haste {unknown}


   Skills:
 + Level 5.2 Fighting
 * Level 5.7 Maces & Flails
 + Level 3.8 Armour
 - Level 1.6 Dodging
 + Level 2.8 Shields


You had 5 spell levels left.
You didn't know any spells.
Your spell library was empty.

Dungeon Overview and Level Annotations

Branches:
Dungeon (6/15)              Sewer (visited)
 Temple: D:4-7

Altars:
Fedhas
Uskayaw

Shops:
D:2 !

Annotations:
D:5 2 transporters, snackwell's ghost, novice DjIE


Message History

The gnoll sergeant shouts!
The gnoll shouts!
The ogre shouts!
A necrophage comes into view.
Found 17 gold pieces.
There is a stone staircase leading up here.
You block the adder's attack. The wyvern zombie bites you!
The ogre hits you with a +0 giant spiked club!!
You climb upwards.
There is a stone staircase leading down here.
A red film seems to cover your vision as you go berserk!
You feel yourself moving faster!
You feel mighty! You block the adder's attack.
You feel a strong urge to attack something.
You feel your anger nearly subside.
You are no longer berserk.
You are exhausted.
You feel yourself slow down. The adder misses you.
The adder bites you but does no damage. The adder bites you.
The adder bites you but does no damage. The adder bites you.
You are poisoned.
The adder poisons you!
You feel sick. The adder barely misses you.
You feel sick. The adder bites you.
* * * LOW HITPOINT WARNING * * *
You feel sick. You block the adder's attack. You block the ogre's attack.
You feel sick.
You are no longer poisoned.
The adder bites you but does no damage.
You feel much better. The adder barely misses you.
The ogre hits you with a +0 giant spiked club.
You block the adder's attack.
You feel very mighty all of a sudden. The adder barely misses you.
You block the ogre's attack. The adder bites you but does no damage.
You barely miss the ogre. You block the adder's attack.
The ogre hits you with a +0 giant spiked club!!
* * * LOW HITPOINT WARNING * * *
The adder bites you but does no damage.
The ogre hits you with a +0 giant spiked club!
You die...

.........##.....................#
...............................#.
.###.######....................#.
##≈#####................##.......
÷≈≈≈##.................###......#
#≈≈≈#..#..............###.......#
##≈##..#...............#........#
≈#≈#...........<.O....##.......##
≈#≈###..#.......@S.............#
##÷###..#............#.##.....##
#≈≈≈#...##...........###..#..##
≈≈≈≈#..##............# ##.####
##≈##................###....#
.###...#.##...####....###..>#
.......#....................#
....#....#.##.#.............##
............###..............##


You could see an ogre and an adder.

Vanquished Creatures
  A scorpion (D:4)
  A bullfrog zombie (D:6)
  A jelly (D:5)
  A hound (D:6)
  A centaur skeleton (D:6)
  Natasha (D:2)
  A hound zombie (D:5)
  5 adders
  2 river rats (D:4)
  A white imp (D:6)
  A worm (D:3)
  5 dart slugs
  5 orcs
  11 ball pythons
  5 bats
  11 endoplasms
  A giant cockroach (D:4)
  6 goblins
  5 hobgoblins
  5 jackals (Sewer)
  3 quokkas
  6 frilled lizards
  9 kobolds
  4 rats
92 creatures vanquished.

Vanquished Creatures (others)
  12 plants (Sewer)
12 creatures vanquished.

Grand Total: 104 creatures vanquished

Notes
Turn   | Place    | Note
-------+----------+-------------------------------------------
     0 | D:1      | desmos the Hill Orc Berserker began the quest for the Orb.
     0 | D:1      | Reached XP level 1. HP: 19/19 MP: 1/1
   423 | D:1      | Reached XP level 2. HP: 24/27 MP: 2/2
  1410 | D:2      | Reached XP level 3. HP: 33/33 MP: 3/3
  1418 | D:2      | Found a faded altar of an unknown god.
  1460 | D:2      | Found Ekhajudo's Distillery.
  1562 | D:2      | Reached skill level 1 in Shields
  1709 | D:2      | Noticed Natasha
  1714 | D:2      | Killed Natasha
  1715 | D:2      | Reached XP level 4. HP: 40/40 MP: 4/4
  2404 | D:3      | Reached ** piety under Trog
  2745 | D:3      | You fall into a shaft and drop 3 floors!
  2745 | D:6      | Noticed a +0 short sword
  2745 | D:6      | Noticed a +0 falchion
  2745 | D:6      | Noticed a +0 spear
  2745 | D:6      | Noticed a +0 falchion
  2745 | D:6      | Noticed a +0 dagger
  2745 | D:6      | Noticed a +0 spear
  2745 | D:6      | Noticed a +0 dagger
  2745 | D:6      | Noticed a +0 short sword
  2745 | D:6      | Found a hide-covered altar of Uskayaw.
  2752 | D:6      | Reached XP level 5. HP: 39/47 MP: 5/5
  2773 | D:5      | Entered Level 5 of the Dungeon
  3032 | D:6      | Reached skill level 5 in Maces & Flails
  3187 | D:5      | Reached XP level 6. HP: 11/55 MP: 6/6
  3435 | D:5      | Noticed snackwell's ghost (novice DjIE)
  3436 | D:5      | Found a transporter.
  3440 | D:5      | Found a transporter.
  3508 | D:4      | Reached skill level 5 in Fighting
  4012 | D:4      | Found a glowing drain.
  4138 | Sewer    | Entered a sewer
  4757 | Sewer    | Reached *** piety under Trog
  5356 | D:3      | Found a blossoming altar of Fedhas.
  5800 | D:5      | Noticed a necrophage
  5820 | D:4      | Mangled by an ogre

Illustrated notes

Levels and vault maps discovered:
D:1:      minmay_arrival_five_plusses, layout_loops_corners, hex_medium
D:2:      layout_loops_cross, shapermc_ecumenical_altar_pompeii, serial_shops,
          shop, uniq_natasha
D:3:      layout_basic, fedhas_altar_4
D:4:      layout_cave_pools, gup_sewer_entry_bubbles, minivault_14
D:5:      layout_rooms, general_overflow_altar, gammafunk_ghost_smash
D:6:      layout_loops_ring, nicolae_uskayaw_en_pointe, sigmund_army,
          uniq_crazy_yiuf_cottage, uniq_edmund, uniq_maggie, uniq_sigmund,
          uniq_eustachio

Skill      XL: |  1  2  3  4  5  6 |
---------------+-------------------+-----
Fighting       | 4 5 |  5.2
Maces & Flails | 4 5 |  5.7
Shields        | 1 2 |  2.8
Armour         | 3 |  3.8
Dodging        | |  1.6

Action                   |  1- 3 |  4- 6 || total
-------------------------+-------+-------++-------
Melee: Mace              |    68 |   256 ||   324
Invok: Berserk           |     2 |     6 ||     8
  Use: Scroll            |       |    11 ||    11
       Potion            |       |     2 ||     2
Armor: Leather armour    |    13 |     7 ||    20
       Ring mail         |       |    89 ||    89
Dodge: Dodged            |    28 |   104 ||   132
Block: Kite shield       |    23 |    97 ||   120

Table legend: (Time is in decaauts)
 A = Elapsed time spent in this place.
 B = Non-inter-level travel time spent in this place.
 C = Inter-level travel time spent in this place.
 D = Time resting spent in this place.
 E = Time spent auto-exploring this place.
 F = Levels seen in this place.
 G = Mean time per level.
                   A        B        C        D        E       F      G
               +--------+--------+--------+--------+--------+-----+--------+
         Total |   6256 |   6066 |    190 |   1253 |   3585 |   7 |  893.7 |
       Dungeon |   5017 |   4827 |    190 |   1081 |   2873 |   6 |  836.2 |
         Sewer |   1239 |   1239 |      0 |    172 |    712 |   1 | 1239.0 |
               +--------+--------+--------+--------+--------+-----+--------+

Top non-repeatable levels by time:
     D:1: 1421 daAuts
   Sewer: 1239 daAuts
     D:2: 1003 daAuts
     D:4: 920 daAuts
     D:3: 910 daAuts
     D:6: 457 daAuts
     D:5: 303 daAuts
